 Dungeon Crawl Stone Soup version 0.23.2-30-g0e89c35 (webtiles) character file.

Game seed: 362717334041956946

174 Fang the Skirmisher (level 5, -2/34 HPs)
             Began as a Gargoyle Berserker on June 13, 2019.
             Was a Believer of Trog.
             Slain by a gnoll
             ... wielding a +0 halberd
              (11 damage)
             ... on level 3 of the Dungeon.
             The game lasted 00:01:53 (2020 turns).

Fang the Skirmisher (Gargoyle Berserker)            Turns: 2020, Time: 00:01:53

Health: -2/34      AC:  6    Str: 25    XL:     5   Next: 54%
Magic:  5/5        EV: 12    Int:  8    God:    Trog [**....]
Gold:   119        SH:  0    Dex:  9    Spells: 4/4 levels left

rFire    . . .     SeeInvis .   a - +0 hand axe
rCold    . . .     Gourm    .   (no shield)
rNeg     + . .     Faith    .   b - +0 animal skin
rPois    ∞         Spirit   .   (no helmet)
rElec    +         Reflect  .   (no cloak)
rCorr    .         Harm     .   (no gloves)
MR       .....                  (no boots)
Stlth    +.........             (no amulet)
HPRegen  0.11/turn              e - +4 ring of strength
MPRegen  0.09/turn              (no ring)

@: berserk cooldown, slowed, very slow
A: negative energy resistance 1, electricity resistance, unbreathing,
petrification resistance, rot immunity, AC +4
a: Berserk, Trog's Hand, Renounce Religion


You were on level 3 of the Dungeon.
You worshipped Trog.
Trog was pleased with you.
You were very hungry.

You visited 1 branch of the dungeon, and saw 3 of its levels.

You collected 119 gold pieces.

Inventory:

Hand Weapons
 a - a +0 hand axe (weapon)
Armour
 b - a +0 animal skin (worn)
Jewellery
 e - a +4 ring of strength (left hand)
 r - an uncursed ring of wizardry {unknown}
Scrolls
 d - 2 scrolls of magic mapping {unknown}
 g - a scroll of remove curse {unknown}
 h - 5 scrolls of identify {unknown}
 i - 2 scrolls of immolation {unknown}
 j - 4 scrolls of teleportation {unknown}
 k - 3 scrolls of noise {unknown}
 o - a scroll of enchant armour {unknown}
 q - a scroll of fear {unknown}
Potions
 f - a potion of haste {unknown}
 l - a potion of lignification {unknown}
 m - 2 potions of curing {unknown}
 p - a potion of agility {unknown}
Comestibles
 c - 7 rations
 n - 5 chunks of flesh


   Skills:
 + Level 4.3 Fighting
 + Level 3.5 Axes
 + Level 3.5 Armour
 + Level 2.6 Dodging


You had 4 spell levels left.
You didn't know any spells.
Your spell library was empty.

Dungeon Overview and Level Annotations

Branches:
Dungeon (3/15)

Altars:
Elyvilon


Innate Abilities, Weirdness & Mutations

You are resistant to torment.
Your stone body is resilient. (AC +4)
You are immune to poison.
You resist negative energy. (rN+)
You are resistant to electric shocks. (rElec)
You can survive without breathing.
You are immune to petrification.
You are immune to rotting.


Message History

You struggle against the net.
You feel your anger nearly subside. The gnoll hits you but does no damage.
You are held in a net!
You struggle against the net.
You are no longer berserk.
You are exhausted.
You feel yourself slow down. The gnoll barely misses you.
You are held in a net!
You are held in a net!
You are held in a net!
You struggle against the net.
The gnoll hits you but does no damage. The gnoll hits you.
The gnoll hits you but does no damage. The gnoll barely misses you.
You rip the net and break free!
The gnoll hits you. The gnoll closely misses you.
The gnoll hits you with a +0 club. The gnoll hits you.
* * * LOW HITPOINT WARNING * * *
The gnoll hits you from afar with a +0 halberd!
You die...

#### ##...#
......#
....!..####
..........#
......gg..#
......#.##..#
#.[..g.@# .#
...>....# #
.......##
.......
..?....
.......
.$....#
......


You could see 3 gnolls.

Vanquished Creatures
  Crazy Yiuf (D:2)
  Jessica (D:2)
  Terence (D:2)
  An adder (D:2)
  5 oozes
  A dart slug (D:2)
  A worm (D:1)
  2 leopard geckos (D:1)
  3 giant cockroaches
  11 goblins
  8 hobgoblins
  8 kobolds
  A quokka (D:2)
  9 bats (D:1)
  2 frilled lizards (D:1)
  2 rats (D:2)
57 creatures vanquished.

Notes
Turn   | Place    | Note
-------+----------+-------------------------------------------
     0 | D:1      | Fang the Gargoyle Berserker began the quest for the Orb.
     0 | D:1      | Reached XP level 1. HP: 14/14 MP: 1/1
   409 | D:1      | Reached XP level 2. HP: 19/19 MP: 2/2
   463 | D:1      | Reached XP level 3. HP: 17/23 MP: 3/3
   733 | D:1      | Reached ** piety under Trog
  1039 | D:2      | Reached XP level 4. HP: 29/29 MP: 4/4
  1159 | D:2      | Found a runed translucent door.
  1160 | D:2      | Noticed Crazy Yiuf
  1233 | D:2      | Noticed Terence
  1246 | D:2      | Killed Terence
  1246 | D:2      | Reached skill level 4 in Fighting
  1362 | D:2      | Found a faded altar of an unknown god.
  1510 | D:2      | Noticed Jessica
  1517 | D:2      | Killed Jessica
  1517 | D:2      | Reached XP level 5. HP: 29/33 MP: 5/5
  1814 | D:2      | Found a white marble altar of Elyvilon.
  1932 | D:2      | Killed Crazy Yiuf
  2020 | D:3      | Slain by a gnoll

Skill      XL: |  1  2  3  4 |
---------------+-------------+-----
Axes           | 3 |  3.5
Dodging        | 2 |  2.6
Armour         | 3 |  3.5
Fighting       | 4 |  4.3

Action                   |  1- 3 |  4- 6 || total
-------------------------+-------+-------++-------
Melee: Hand axe          |   115 |    91 ||   206
Invok: Berserk           |     1 |     2 ||     3
  Eat: Chunk             |     1 |     4 ||     5
Armor: Animal skin       |    42 |    30 ||    72
Dodge: Dodged            |    92 |    45 ||   137
